 Dungeon Crawl Stone Soup version 0.23.3 (webtiles) character file.

Game seed: 7081949275901126627

1147665 MordorOrchid the Hoplite (level 27, -4/323 HPs)
             Began as a Gnoll Wizard on Mar 24, 2020.
             Was the Champion of Cheibriados.
             Killed by divine providence
             ... invoked by a mummy priest
              (9 damage)
             ... on level 3 of the Tomb of the Ancients on Mar 27, 2020.
             The game lasted 12:34:56 (48443 turns).

MordorOrchid the Hoplite (Gnoll Wizard)            Turns: 48443, Time: 12:34:56

Health: -4/323     AC: 46    Str: 17    XL:     27
Magic:  35/57      EV: 34    Int: 56    God:    Cheibriados [******]
Gold:   10089      SH: 24    Dex: 28    Spells: 0/69 levels left

rFire    + + +     SeeInvis .     - Unarmed
rCold    . . .     Gourm    .   X - +5 shield {AC+3}
rNeg     + + +     Faith    .   (armour currently unavailable)
rPois    ∞         Spirit   .   q - +2 helmet {Int+3}
rElec    +         Reflect  .   I - +2 cloak of the Failed Coup {rF++ rN+ Str-3}
rCorr    .         Harm     .   (gloves currently unavailable)
MR       +++..                  (boots currently unavailable)
Stlth    +++++++++.             j - amulet of Activism {RegenMP rElec rPois Int+5 Dex-2}
HPRegen  1.63/turn              E - ring "Qefeesal" {Wiz MP+9}
MPRegen  0.60/turn              B - ring of Xufunt {rF++ rN+++ MR+ Str-4 Int+4}

@: about to teleport, statue-form, marked, regenerating, slowed, very slow
A: distributed training, claws 1, fangs 1, talons 1, dopey 1, robust 1,
screaming 1, weak 1, sturdy frame 1, strong nose
}: 14/15 runes: serpentine, barnacled, slimy, silver, iron, obsidian, icy, bone,
abyssal, demonic, glowing, magical, fiery, dark
a: End Transformation, Bend Time, Temporal Distortion, Slouch, Step From Time,
Renounce Religion


You were on level 3 of the Tomb of the Ancients.
You worshipped Cheibriados.
Cheibriados was exalted by your worship.
You were not hungry.
You were a stone statue.
You visited 17 branches of the dungeon, and saw 83 of its levels.
You visited Pandemonium 1 time, and saw 20 of its levels.
You visited the Abyss 2 times.
You also visited: Gauntlet and Ice Cave.

You collected 11780 gold pieces.
You spent 1691 gold pieces at shops.

Inventory:

Hand Weapons
 p - the +4 staff of Dispater
   (You took it off Dispater on level 7 of the Iron City of Dis)
 y - the +7 rapier "Reink" {pierce, +Inv rElec SInv Stlth+}
   (You found it on level 5 of the Pits of Slime)

   It inflicts extra damage upon your enemies.
   It insulates you from electricity.
   It lets you see invisible.
   It lets you turn invisible.
   It makes you more stealthy.
 D - the +7 sceptre of Asmodeus
   (You took it off Asmodeus on level 7 of Gehenna)
 H - the +9 trident "Beetlebane" {pain, Str+6}
   (You found it on level 1 of the Snake Pit)

   In the hands of one skilled in necromantic magic, it inflicts extra damage on
   living creatures.
   It affects your strength (+6).
Missiles
 P - 22 javelins
 R - 8 javelins of penetration (quivered)
 Y - 6 tomahawks of returning
Armour
 c - the +2 pair of boots of Syheno Fiso (melded) {rN+ rCorr Dex+4}
   (You found it in Pandemonium)

   It affects your dexterity (+4).
   It protects you from negative energy.
   It provides partial protection from all sources of acid and corrosion.
 n - the +8 pearl dragon scales "Guink" (melded) {rElec rC++ rN+ Str+2 Stlth-}
   (You took it off an iron imp on level 7 of the Iron City of Dis)

   It affects your strength (+2).
   It greatly protects you from cold.
   It insulates you from electricity.
   It protects you from negative energy.
   It makes you less stealthy.
 q - a +2 helmet of intelligence (worn)
 F - the +0 pair of gloves "Pyrysok" (melded) {rF- rC+ Int+4}
   (You acquired it on level 2 of the Orcish Mines)

   It affects your intelligence (+4).
   It makes you vulnerable to fire.
   It protects you from cold.
 I - the +2 cloak of the Failed Coup (worn) {rF++ rN+ Str-3}
   (You found it in a Gauntlet)

   It affects your strength (-3).
   It greatly protects you from fire.
   It protects you from negative energy.
 X - a +5 shield of protection (worn)
Magical Staves
 z - an uncursed staff of wizardry
Jewellery
 j - the amulet of Activism (around neck) {RegenMP rElec rPois Int+5 Dex-2}
   (You took it off an iron imp on level 7 of the Iron City of Dis)

   [amulet of magic regeneration]

   It increases your magic regeneration.
   It affects your intelligence (+5).
   It affects your dexterity (-2).
   It insulates you from electricity.
   It protects you from poison.
 w - an uncursed ring of protection from cold
 A - the ring "Nosaffom" {-Tele AC+6 Int+9}
   (You found it on level 3 of the Elven Halls)

   [ring of protection]

   It affects your AC (+6).
   It affects your intelligence (+9).
   It prevents most forms of teleportation.
 B - the ring of Xufunt (right claw) {rF++ rN+++ MR+ Str-4 Int+4}
   (You found it in Pandemonium)

   [ring of intelligence]

   It affects your strength (-4).
   It affects your intelligence (+4).
   It greatly protects you from fire.
   It renders you almost immune to negative energy.
   It affects your resistance to hostile enchantments.
 E - the ring "Qefeesal" (left claw) {Wiz MP+9}
   (You took it off an ironbrand convoker on level 5 of the Vaults)

   [ring of wizardry]

   It improves your spell success rate.
   It affects your magic capacity (+9).
Wands
 e - a wand of clouds (4)
 r - a wand of acid (16)
 v - a wand of paralysis (19)
 K - a wand of enslavement (8)
 L - a wand of polymorph (40)
 Q - a wand of scattershot (4)
 U - a wand of iceblast (18)
 V - a wand of digging (10)
Scrolls
 f - 5 scrolls of summoning
 l - 9 scrolls of remove curse
 m - 9 scrolls of fog
 o - 8 scrolls of teleportation
 s - 9 scrolls of immolation
 x - a scroll of magic mapping
 C - a scroll of blinking
 G - a scroll of acquirement
 N - 2 scrolls of holy word
 S - 4 scrolls of identify
 Z - 7 scrolls of fear
Potions
 g - 9 potions of brilliance
 k - 4 potions of lignification
 t - a potion of cancellation
 J - 5 potions of magic
 M - 12 potions of curing
 T - 3 potions of mutation
 W - a potion of might
Miscellaneous
 a - the horn of Geryon
 b - 4 phantom mirrors
 i - a lamp of fire
 u - 5 boxes of beasts
 O - 3 sacks of spiders
Comestibles
 d - 80 rations


   Skills:
 + Level 20.9 Fighting
 + Level 20.9 Short Blades
 + Level 20.9 Long Blades
 + Level 20.9 Axes
 + Level 20.9 Maces & Flails
 + Level 20.9 Polearms
 + Level 20.9 Staves
 + Level 20.9 Slings
 + Level 20.9 Bows
 + Level 21.2 Crossbows
 + Level 20.9 Throwing
 + Level 20.9 Armour
 + Level 21.2 Dodging
 + Level 21.2 Stealth
 + Level 25.2 Shields
 + Level 20.9 Unarmed Combat
 + Level 21.7 Spellcasting
 + Level 18.2 Conjurations
 + Level 18.1 Hexes
 + Level 18.1 Charms
 + Level 18.2 Summonings
 + Level 18.1 Necromancy
 + Level 18.2 Translocations
 + Level 18.1 Transmutations
 + Level 18.1 Fire Magic
 + Level 18.1 Ice Magic
 + Level 18.1 Air Magic
 + Level 18.1 Earth Magic
 + Level 18.1 Poison Magic
 + Level 22.4 Invocations
 + Level 20.9 Evocations


You couldn't memorise any spells.
You knew the following spells:

 Your Spells              Type           Power        Failure   Level  Hunger
a - Magic Dart            Conj           ####         0%          1    None
c - Conjure Flame         Conj/Fire      ########     0%          3    None
f - Ignition              Fire           ########..   1%          8    None
g - Mephitic Cloud        Conj/Pois/Air  ########     0%          3    None
j - Summon Lightning Spi  Summ/Air       ########     0%          4    None
k - Regeneration          Chrm/Necr      ########..   0%          3    None
p - Passage of Golubria   Tloc           N/A          0%          4    None
u - Animate Skeleton      Necr           N/A          0%          1    None
v - Lee's Rapid Deconstr  Erth           ########..   0%          5    None
w - Passwall              Tmut/Erth      ########     0%          2    None
x - Blink                 Tloc           N/A          0%          2    None
y - Statue Form           Tmut/Erth      ########.    0%          6    None
z - Apportation           Tloc           ######       0%          1    None
A - Confusing Touch       Hex            ######       0%          1    None
O - Shatter               Erth           ########..   4%          9    None
S - Malign Gateway        Summ/Tloc      ########..   1%          7    None
T - Tornado               Air            ########..   4%          9    None

Your spell library contained the following spells:

 Spells                   Type           Power        Failure   Level  Hunger
 Flame Tongue             Conj/Fire      #####        0%          1    None
 Freeze                   Ice            ####         0%          1    None
 Infusion                 Chrm           ####         0%          1    None
 Pain                     Necr           ####         0%          1    None
 Sandblast                Erth           ######       0%          1    None
 Shock                    Conj/Air       ####         0%          1    None
 Sting                    Conj/Pois      ####         0%          1    None
 Summon Butterflies       Summ           ########     0%          1    None
 Summon Small Mammal      Summ           ####         0%          1    None
 Call Imp                 Summ           ########     0%          2    None
 Corpse Rot               Necr           N/A          0%          2    None
 Ensorcelled Hibernation  Hex/Ice        ######       0%          2    None
 Poisonous Vapours        Pois/Air       ######       0%          2    None
 Shroud of Golubria       Chrm/Tloc      ########..   0%          2    None
 Slow                     Hex            ########     0%          2    None
 Song of Slaying          Chrm           ########     0%          2    None
 Sublimation of Blood     Necr           ########..   0%          2    None
 Swiftness                Chrm/Air       ########     0%          2    None
 Throw Flame              Conj/Fire      ######       0%          2    None
 Call Canine Familiar     Summ           ########     0%          3    None
 Confuse                  Hex            ########     0%          3    None
 Gell's Gravitas          Tloc           ########..   0%          3    None
 Ignite Poison            Fire/Tmut/Pois ########     0%          3    None
 Inner Flame              Hex/Fire       ########     0%          3    None
 Lesser Beckoning         Tloc           ########..   0%          3    None
 Ozocubu's Armour         Chrm/Ice       ########     0%          3    None
 Spectral Weapon          Hex/Chrm       ########     0%          3    None
 Static Discharge         Conj/Air       ########     0%          3    None
 Stone Arrow              Conj/Erth      ######       0%          3    None
 Summon Guardian Golem    Hex/Summ       ########     0%          3    None
 Teleport Other           Tloc           ########     0%          3    None
 Vampiric Draining        Necr           ########..   0%          3    None
 Airstrike                Air            ########..   0%          4    None
 Animate Dead             Necr           N/A          0%          4    None
 Cause Fear               Hex            ########..   0%          4    None
 Ice Form                 Ice/Tmut       ########     0%          4    None
 Leda's Liquefaction      Hex/Erth       ########..   0%          4    None
 Olgreb's Toxic Radiance  Pois           ########     0%          4    None
 Petrify                  Tmut/Erth      ########     0%          4    None
 Sticky Flame             Conj/Fire      ########     0%          4    None
 Summon Ice Beast         Ice/Summ       ########     0%          4    None
 Throw Icicle             Conj/Ice       ########     0%          4    None
 Agony                    Necr           ########     0%          5    None
 Alistair's Intoxication  Tmut/Pois      ########     0%          5    None
 Blade Hands              Tmut           ########..   0%          5    None
 Bolt of Draining         Conj/Necr      ########..   0%          5    None
 Bolt of Magma            Conj/Fire/Erth ########..   0%          5    None
 Dispel Undead            Necr           ########     0%          5    None
 Excruciating Wounds      Chrm/Necr      ########..   0%          5    None
 Fireball                 Conj/Fire      ########..   0%          5    None
 Irradiate                Conj/Tmut      ########..   0%          5    None
 Iskenderun's Battlesphe  Conj/Chrm      ########     0%          5    None
 Lightning Bolt           Conj/Air       ########..   0%          5    None
 Metabolic Englaciation   Hex/Ice        ########..   0%          5    None
 Silence                  Hex/Air        ########..   0%          5    None
 Summon Forest            Summ/Tloc      ########..   0%          5    None
 Summon Mana Viper        Hex/Summ       ########     0%          5    None
 Venom Bolt               Conj/Pois      ########..   0%          5    None
 Yara's Violent Unravell  Hex/Tmut       ########..   0%          5    None
 Bolt of Cold             Conj/Ice       ########..   0%          6    None
 Bolt of Fire             Conj/Fire      ########..   0%          6    None
 Conjure Ball Lightning   Conj/Air       ########..   0%          6    None
 Darkness                 Hex            ########..   0%          6    None
 Death Channel            Necr           ########..   0%          6    None
 Deflect Missiles         Chrm/Air       ########..   0%          6    None
 Dispersal                Tloc           ########..   0%          6    None
 Freezing Cloud           Conj/Ice/Air   ########..   0%          6    None
 Hydra Form               Tmut           ########..   0%          6    None
 Invisibility             Hex            ########     0%          6    None
 Iron Shot                Conj/Erth      ########..   0%          6    None
 Ozocubu's Refrigeration  Ice            ########..   0%          6    None
 Simulacrum               Ice/Necr       ########..   0%          6    None
 Dragon Form              Tmut           ########..   1%          7    None
 Monstrous Menagerie      Summ           ########..   1%          7    None
 Orb of Destruction       Conj           ########..   1%          7    None
 Spellforged Servitor     Conj/Summ      ########..   1%          7    None
 Summon Greater Demon     Summ           ########..   1%          7    None
 Summon Hydra             Summ           ########..   1%          7    None
 Discord                  Hex            ########..   1%          8    None
 Summon Horrible Things   Summ           ########..   1%          8    None
 Dragon's Call            Summ           ########..   4%          9    None


Dungeon Overview and Level Annotations

Branches:
Dungeon (15/15)            Temple (1/1) D:7            Lair (6/6) D:11
 Shoals (4/4) Lair:2        Snake (4/4) Lair:4        Slime (5/5) Lair:6
    Orc (2/2) D:11            Elf (3/3) Orc:2        Vaults (5/5) D:14
  Crypt (3/3) Vaults:3       Tomb (3/3) Crypt:3      Depths (4/5) D:15
   Hell (1/1)                 Dis (7/7) Hell            Geh (7/7) Hell
    Coc (7/7) Hell            Tar (7/7) Hell

Altars:
Ashenzari
Cheibriados
Dithmenos
Elyvilon
Fedhas
Gozag
Hepliaklqana
Kikubaaqudgha
Makhleb
Nemelex Xobeh
Okawaru
Qazlal
Ru
Sif Muna
Trog
Uskayaw
Vehumet
Wu Jian
Xom
Yredelemnul
Zin
The Shining One
Beogh
Jiyva

Shops:
D:5 *   D:13 [   Orc:1 (   Orc:2 !*(   Elf:1 *   Snake:2 =   Vaults:1 [

Portals:
Hell: Depths:1 Depths:2 Depths:3
Abyss: Depths:3
Pandemonium: Depths:3
Trove: D:10 (give 6 scrolls of blinking)

Annotations:
D:14 exclusion: downstairs
D:15 exclusion: upstairs
Shoals:2 2 runed translucent doors, Pocketmage's ghost, adept GnWn
Snake:3 Kirke
Elf:2 2 runed translucent doors, 2 transporters, kalagan's ghost, adept GrEE
Crypt:3 Boris


Innate Abilities, Weirdness & Mutations

Your experience applies equally to all skills.
You have very sharp teeth.
Your uncanny sense of smell can sniff out nearby items.
You have sharp fingernails.
You have sharp toenails.
You are dopey. (Int -2)
You are robust. (+10% HP)
You occasionally shout uncontrollably at your foes.
You are weak. (Str -2)
Your movements are slightly less encumbered by armour. (ER -2)


Message History

You block the bennu's attack. You block the sixfirhy's attack.
The ancient lich completely misses you. The ancient champion misses you.
The bennu pecks you!
* * * LOW HITPOINT WARNING * * *
You block the bennu's attack. The bennu barely misses you.
An ancient champion comes into view.
It is wielding a +1 great sword of pain.
The ancient lich completely misses you.
The ancient lich mumbles some strange words.
The ancient lich seems to speed up.
The greater mummy calls on the powers of darkness!
You feel a surge of unholy energy.
The bennu convulses!
The ancient champion barely misses you. The bennu pecks you but does no damage.
You block the bennu's attack. The bennu misses you.
The ancient champion casts a spell.
The ancient champion seems to speed up.
The ancient champion gestures wildly while chanting.
The ancient champion seems to speed up.
The ancient lich completely misses you.
The mummy priest calls down the wrath of its god upon you.
Something smites you!
You die...

∆∆ #...M..##.....$$"
∆∆ #.§†††Z#.......$)[
∆ #..∩†.M#....^.$$|[
∆
..§....Z.M........$=
..#.$...M#M^.....$$$
...#.M....#4LM..=...$
.. #z§...b##zsZM.....
#......##bL3......
.....§M.##8MM...^.
......s..M##zM.....
#M^.Wz. #..... #M...
##M#


z You could see 2 greater mummies, 2 ancient liches, a bennu, 3 ancient
champions, 2 mummy priests, an orange demon, 4 guardian mummies, a sixfirhy, a
hungry ghost, a death scarab, 3 mummies, a wight, a black mamba skeleton and a
storm dragon skeleton.

Vanquished Creatures
  Cerebov (Pan)
  Antaeus (Coc:7)
  Asmodeus (Geh:7)
  the Royal Jelly (Slime:5)
  the Serpent of Hell (Tar:7)
  Gloorx Vloq (Pan)
  Lom Lobon (Pan)
  Mnoleg (Pan)
  Dispater (Dis:7)
  4 pandemonium lords (Pan)
  A juggernaut (Abyss:3)
  2 ancient liches
  13 greater mummies
  Bai Suzhen (Depths:2)
  Vashnia (Snake:4)
  12 shard shrikes
  Saint Roka (Depths:2)
  Frederick (Depths:3)
  Margery (Depths:3)
  Geryon (Hell)
  2 golden dragons (Depths:2)
  7 bone dragons
  21 Brimstone Fiends
  9 doom hounds
  4 iron giants (Dis:7)
  8 liches
  11 Tzitzimimeh
  12 Ice Fiends
  The ghost of Xafer the Impaler, an adept DsGl of Okawaru (Vaults:1)
  17 Hell Sentinels
  5 tentacled monstrosities
  9 titans
  2 deep elf master archers (Elf:3)
  13 acid blobs
  4 deep elf blademasters (Elf:3)
  An eldritch tentacle (Tomb:3)
  3 tentacled starspawn (Abyss:3)
  16 Executioners
  7 ancient champions
  Gastronok (D:9)
  10 sphinxes
  2 storm dragons
  4 revenants
  6 fire giants
  11 shadow dragons
  5 tengu reavers
  Donald (Orc:2)
  9 azure jellies
  The ghost of Pumulam the Fencer, a journeyman MiMo of Dithmenos (Orc:1)
  8 nagarajas
  3 corrupters (Pan)
  2 orc warlords (Orc:2)
  12 vault wardens
  8 frost giants
  10 iron dragons
  21 cacodemons
  A ghoul (Vaults:2)
  25 balrugs
  An angel (Abyss:3)
  7 deep elf sorcerers (Elf:3)
  45 reapers
  8 deep elf elementalists
  3 draconian annihilators (Pan)
  6 warmongers (Pan)
  4 curse skulls
  2 elemental wellsprings
  18 ironheart preservers
  12 very ugly things
  4 vampire knights
  8 war gargoyles
  4 blood saints (Pan)
  An entropy weaver (Vaults:2)
  23 stone giants
  2 ophanim (Abyss:3)
  A bennu (Tomb:2)
  4 deep elf demonologists
  3 lorocyprocas (Pan)
  A black sun (Pan)
  A dire elephant (Lair:6)
  The ghost of havocjr3 the Blocker, a journeyman GnFi of Okawaru (Lair:4)
  31 large abominations
  10 deep elf annihilators
  7 deep elf death magi
  5 eidola
  A minotaur (Gauntlet)
  A merfolk javelineer (Shoals:4)
  21 blizzard demons
  16 ettins
  13 green deaths
  8 death oozes
  8 fire dragons
  2 quicksilver dragon zombies
  15 mummy priests
  Josephine (Lair:6)
  7 merfolk impalers
  8 great orbs of eyes
  A jiangshi (Crypt:2)
  14 yaktaur captains
  Harold (D:11)
  8 naga warriors
  7 rakshasas
  4 hydras
  2 hell beasts (Dis:7)
  5 deep elf high priests (Elf:3)
  3 monstrous demonspawn (Pan)
  4 spriggan air magi
  2 anacondas (Snake:4)
  2 ghost crabs
  An alligator snapping turtle (Shoals:4)
  32 vault guards
  4 merfolk aquamancers
  15 ogre magi
  22 ice dragons
  A quicksilver dragon skeleton (Geh:2)
  Erica (D:8)
  2 satyrs (Shoals:2)
  3 death yaks (D:11)
  16 centaur warriors
  16 dancing weapons
  44 two-headed ogres
  64 death scarabs
  A merfolk avatar (Shoals:1)
  2 death knights
  6 deep troll shamans
  19 hell hogs
  2 shock serpents
  7 deep troll earth magi
  13 tengu warriors
  4 thrashing horrors
  Urug (D:11)
  2 orc high priests (Orc:1)
  15 soul eaters
  3 vampire magi
  3 titan zombies
  11 naga sharpshooters
  29 hell knights
  8 small abominations
  6 iron golems (Dis:7)
  20 deep elf knights
  36 sun demons
  Nergalle (Lair:2)
  3 storm dragon zombies
  20 sixfirhies
  3 salamander mystics
  3 titan skeletons
  5 wretched stars
  2 golden dragon zombies
  A fire crab (shapeshifter) (Vaults:5)
  2 storm dragon skeletons
  23 skeletal warriors
  9 iron trolls
  2 anaconda zombies
  5 unseen horrors
  A ghost moth zombie (Tomb:2)
  8 shadow wraiths
  28 deep trolls
  7 sea snakes
  4 gelid demonspawn (Pan)
  3 infernal demonspawn (Pan)
  5 glowing orange brains
  2 cherubim (Abyss:3)
  2 torturous demonspawn
  5 wizards
  4 starcursed masses (Abyss:3)
  4 flayed ghosts
  16 deep elf archers
  6 naga ritualists
  16 shadow demons
  12 ironbrand convokers
  A tengu zombie (Depths:2)
  Pikel (D:8)
  2 lindwurms (Lair:6)
  15 harpies
  8 phantasmal warriors
  18 necromancers
  4 frost giant zombies
  An iron dragon zombie (Dis:4)
  A golden dragon skeleton (Crypt:3)
  6 anaconda skeletons
  9 orc knights
  4 shining eyes
  A mana viper (shapeshifter) (Elf:1)
  72 deep elf magi
  3 stone giant zombies
  4 oklob plants (Lair:3)
  3 wolf spiders
  42 ugly things
  A shadow dragon zombie (Hell)
  2 orc sorcerers
  6 mana vipers
  8 cyclopes
  11 fauns
  3 fire giant zombies
  A shadow dragon skeleton (Geh:7)
  5 salamanders
  2 worldbinders
  10 manticores
  A manticore (shapeshifter) (Depths:3)
  2 human zombies (Vaults:4)
  2 stone giant skeletons
  10 vault sentinels
  3 ice statues
  2 elephants (Lair:5)
  A guardian serpent (shapeshifter) (Abyss:3)
  Psyche (D:9)
  A salamander (shapeshifter) (Vaults:1)
  A water nymph (shapeshifter) (Vaults:5)
  7 frost giant skeletons
  18 rust devils
  13 smoke demons
  17 black mambas
  3 dire elephant zombies
  2 water nymphs
  2 centaur zombies
  7 merfolk sirens
  5 eyes of devastation
  A human skeleton (Vaults:4)
  3 dire elephant skeletons
  8 fire giant skeletons
  5 molten gargoyles (Geh:7)
  5 torpor snails (Lair:6)
  2 guardian serpents
  15 orange demons
  A shock serpent skeleton (Geh:4)
  A storm dragon simulacrum (Vaults:3)
  5 spiny frogs
  9 naga magi
  A spiny frog (shapeshifter) (Vaults:1)
  26 hellions
  2 catoblepas zombies
  2 rime drakes (Lair:4)
  5 kobold demonologists (Abyss:3)
  35 freezing wraiths
  9 komodo dragons
  An emperor scorpion zombie (Geh:7)
  An anaconda simulacrum (Hell)
  A yaktaur (shapeshifter) (D:15)
  3 efreet
  7 demonic crawlers
  12 hellwings
  46 tormentors
  49 yaktaurs
  2 tengu conjurers
  A red draconian skeleton (Tar:7)
  30 ice devils
  4 ancient zymes (Abyss:3)
  A yaktaur skeleton (Vaults:4)
  18 guardian mummies
  32 red devils
  2 silent spectres
  11 merfolk
  5 hydra zombies
  15 wind drakes
  8 hornets
  A jumping spider (Vaults:2)
  18 trolls
  A harpy zombie (Dis:4)
  A polar bear (shapeshifter) (Elf:1)
  4 tyrant leeches (Lair:6)
  21 polar bears
  69 slime creatures
  A tengu simulacrum (Depths:2)
  4 alligator zombies
  7 hydra skeletons
  7 raiju
  5 fire dragon zombies
  A guardian serpent zombie (Crypt:3)
  A stone giant simulacrum (Vaults:1)
  Prince Ribbit (D:6)
  4 ettin zombies
  8 dream sheep
  7 hippogriffs
  15 blink frogs
  9 snapping turtles
  3 ice dragon zombies
  3 bog bodies (Coc:7)
  A dream sheep (shapeshifter) (Vaults:1)
  A hippogriff (shapeshifter) (Vaults:3)
  3 ice dragon skeletons
  A black mamba zombie (Coc:5)
  5 fire dragon skeletons
  17 shadows
  3 redbacks (Vaults:2)
  3 air elementals
  35 flying skulls
  A redback (shapeshifter) (Vaults:5)
  15 wraiths
  16 water elementals
  4 wyverns
  16 ynoxinuls
  3 alligator skeletons
  7 ettin skeletons
  50 yaks
  5 ushabtiu
  15 fire elementals
  4 humans (D:7)
  A fire bat (shapeshifter) (Vaults:5)
  3 fire bats (Geh:4)
  2 basilisks
  A death yak simulacrum (Lair:4)
  7 vampire mosquitoes
  14 golden eyes
  13 chaos spawn
  2 steam dragons (Gauntlet)
  3 hungry ghosts
  9 neqoxecs
  14 wargs
  A catoblepas simulacrum (Lair:4)
  42 hell hounds
  32 nagas
  An insubstantial wisp (Abyss:3)
  3 acid dragons
  A soldier ant (shapeshifter) (Depths:1)
  5 spiny frog zombies
  A merfolk skeleton (Geh:7)
  10 porcupines
  9 water moccasins
  A floating eye (shapeshifter) (Depths:2)
  A deep troll skeleton (Vaults:4)
  2 slaves
  5 ice beasts
  6 spiny frog skeletons
  6 phantoms
  42 orc warriors
  An ettin simulacrum (Vaults:4)
  A fire dragon simulacrum (Hell)
  2 sky beasts
  5 snapping turtle zombies
  12 black bears
  5 eyes of draining
  5 necrophages
  2 hornet zombies
  A dream sheep zombie (Crypt:3)
  45 ogres
  32 wolves
  4 boggarts
  A snapping turtle skeleton (Geh:7)
  29 centaurs
  A swamp dragon skeleton (Hell)
  7 crocodiles
  5 big kobolds
  A fire crab zombie (Crypt:3)
  14 bullfrogs
  A water moccasin zombie (D:8)
  2 wyvern zombies
  A gnoll sergeant (D:13)
  7 earth elementals
  2 spiny frog simulacra
  A wyvern skeleton (D:7)
  3 scorpions
  A spriggan zombie (Dis:7)
  A blink frog simulacrum (Lair:4)
  A troll zombie (Abyss:3)
  10 killer bees
  A snapping turtle simulacrum (Hell)
  42 wights
  A raiju skeleton (Crypt:3)
  A bullfrog zombie (D:11)
  25 crimson imps
  An elf simulacrum (Hell)
  2 quasits
  6 hounds
  32 orc wizards
  9 jellies
  4 centaur skeletons
  16 orc priests
  Crazy Yiuf (D:6)
  6 bullfrog skeletons
  25 iron imps
  4 iguanas
  8 worker ants
  6 hell rats
  A naga skeleton (Pan)
  A hound zombie (D:9)
  3 hound skeletons
  37 mummies
  3 worker ant zombies
  7 gnolls
  13 adders
  4 river rats (D:11)
  7 shadow imps
  9 white imps
  An adder zombie (D:8)
  4 worms
  A ball lightning (Pan)
  3 dart slugs
  4 leopard geckos
  103 orcs
  6 giant cockroaches
  3 goblins
  5 hobgoblins
  26 jackals
  23 kobolds
  7 quokkas
  3 ball pythons
  6 bats
  4 frilled lizards
  A kobold zombie (Crypt:3)
  A leopard gecko skeleton (D:8)
  A leopard gecko zombie (D:5)
  An orc skeleton (Geh:4)
  A quokka zombie (D:8)
  7 rats
  3 crawling corpses (Elf:3)
  3 fungi
  5 plants
  2 starspawn tentacles (Abyss:3)
3377 creatures vanquished.

Vanquished Creatures (collateral kills)
  Ereshkigal (Tar:7)
  Sojobo (Tomb:2)
  2 bone dragons (Tar:2)
  A lich (Crypt:3)
  2 iron giants (Dis:7)
  A doom hound (Tar:2)
  4 Tzitzimimeh
  An Ice Fiend (Coc:7)
  A hellephant (Depths:1)
  A Hell Sentinel (Dis:7)
  2 titans (Pan)
  3 acid blobs
  6 ancient champions
  4 sphinxes (Tomb:1)
  5 Executioners (Pan)
  A storm dragon (Vaults:5)
  2 azure jellies (Slime:5)
  2 fire giants
  A tengu reaver (Vaults:5)
  2 revenants
  4 iron dragons (Dis:7)
  7 balrugs (Pan)
  6 cacodemons
  A warmonger (Pan)
  A draconian annihilator (Pan)
  2 vault wardens (Vaults:5)
  A ghoul (Crypt:2)
  7 war gargoyles
  An elemental wellspring (Coc:7)
  A very ugly thing (Pan)
  6 reapers
  2 ironheart preservers
  4 stone giants
  2 blood saints (Pan)
  2 vampire knights
  3 bennus (Tomb:2)
  A corrupter (Pan)
  A black sun (Pan)
  A lorocyproca (Pan)
  3 green deaths
  3 blizzard demons
  A merfolk javelineer (Shoals:4)
  4 mummy priests
  An ettin (Vaults:5)
  A deep elf high priest (Vaults:5)
  A fire dragon (Depths:2)
  A great orb of eyes (Vaults:3)
  3 yaktaur captains
  A merfolk avatar (Shoals:4)
  A rakshasa (Pan)
  A hell beast (Pan)
  A monstrous demonspawn (Pan)
  A quicksilver dragon skeleton (Tar:7)
  4 ice dragons
  A deep troll shaman (Vaults:4)
  4 vault guards (Vaults:5)
  2 spriggan air magi (Depths:2)
  A centaur warrior (Vaults:3)
  2 deep troll earth magi
  6 death scarabs
  A hell hog (Geh:5)
  5 two-headed ogres
  2 tengu warriors
  2 vampire magi
  10 hell knights
  A titan zombie (Tar:7)
  5 soul eaters
  2 sun demons (Pan)
  2 shadow wraiths
  3 iron trolls (Dis:7)
  2 sea snakes
  14 skeletal warriors
  A golden dragon zombie (Coc:7)
  2 storm dragon skeletons
  3 deep trolls
  2 flayed ghosts
  2 infernal demonspawn (Pan)
  3 gelid demonspawn (Pan)
  4 wizards
  3 torturous demonspawn (Pan)
  An ironbrand convoker (Vaults:3)
  2 anaconda zombies
  A deep elf archer (Vaults:4)
  3 deep elf magi
  5 phantasmal warriors
  A golden dragon skeleton (Coc:7)
  A frost giant zombie (Coc:7)
  An orc knight (Vaults:3)
  10 harpies
  4 necromancers
  A stone giant zombie (Tar:7)
  3 shining eyes
  2 shadow dragon skeletons (Tar:7)
  3 ugly things
  A faun (Shoals:2)
  7 slime creatures
  An elephant (Lair:5)
  16 large abominations
  4 rust devils
  A fire giant skeleton (Tar:7)
  A guardian serpent (Snake:4)
  A dire elephant zombie (Tar:5)
  A vault sentinel (Vaults:5)
  2 water nymphs (Shoals:4)
  4 smoke demons (Pan)
  A titan simulacrum (Depths:2)
  2 molten gargoyles (Geh:7)
  A dire elephant skeleton (Tar:7)
  10 orange demons (Pan)
  3 yaktaurs
  A spiny frog (Lair:1)
  A rime drake (Lair:4)
  A hellwing (Pan)
  7 demonic crawlers (Pan)
  A freezing wraith (Tar:7)
  A rime drake (shapeshifter) (Vaults:5)
  4 tormentors
  A shock serpent skeleton (Crypt:1)
  2 komodo dragons
  10 ice devils
  8 guardian mummies
  A wind drake (Pan)
  6 merfolk
  9 red devils
  A polar bear (Lair:6)
  2 hydra zombies
  A catoblepas skeleton (Hell)
  3 hornets
  2 hippogriffs
  A frost giant simulacrum (Depths:2)
  2 snapping turtles
  A bog body (Coc:7)
  4 blink frogs
  A hydra skeleton (Coc:7)
  An ettin zombie (Dis:7)
  14 flying skulls
  3 water elementals
  An alligator skeleton (Coc:7)
  5 shadows
  3 ynoxinuls (Pan)
  2 ushabtiu
  5 wraiths
  A fire elemental (Geh:7)
  7 yaks
  A black mamba skeleton (Tar:2)
  A human (D:7)
  2 basilisks
  9 neqoxecs (Pan)
  2 chaos spawn (Pan)
  A hungry ghost (D:11)
  A steam dragon (D:9)
  A death yak simulacrum (Lair:4)
  3 nagas
  3 wargs
  An acid dragon (Vaults:2)
  A spiny frog zombie (Coc:7)
  A hydra simulacrum (Lair:4)
  7 hell hounds
  A porcupine (Lair:1)
  A slave (D:7)
  2 water moccasins
  A dream sheep zombie (Crypt:3)
  An ice beast (D:14)
  2 orc warriors
  A spiny frog skeleton (Coc:7)
  A sky beast (D:11)
  A phantom (Geh:7)
  An alligator simulacrum (Hell)
  4 necrophages
  3 centaurs
  8 wolves
  A crocodile (Lair:1)
  A bullfrog (Lair:3)
  A blink frog simulacrum (Lair:4)
  9 wights
  2 crimson imps
  A hound (D:6)
  3 jellies
  6 iron imps (Dis:7)
  2 worker ants (D:8)
  2 hell rats (Depths:1)
  5 mummies
  10 white imps
  2 oozes (Lair:6)
  A barachi skeleton (Crypt:2)
  7 orcs
  A ball python skeleton (Crypt:1)
  An orc skeleton (Coc:7)
  7 fungi
  5 plants
  3 starspawn tentacles (Abyss:3)
546 creatures vanquished.

Vanquished Creatures (others)
  2 titans (Pan)
  77 eldritch tentacles
  A blood saint (Pan)
  A reaper (Dis:7)
  A war gargoyle (Dis:7)
  A hell beast (Pan)
  A hell hog (Hell)
  A deep elf knight (Elf:2)
  A glowing orange brain (Pan)
  A deep elf archer (Elf:1)
  3 fauns (Shoals:1)
  A salamander (Snake:3)
  5 hellwings (Pan)
  3 wind drakes (Pan)
  An air elemental (Elf:1)
  A water elemental (Hell)
  2 yaks (IceCv)
  A large abomination (Abyss:3)
  A fire elemental (Elf:1)
  A naga (Snake:4)
  2 ogres
  A wolf (IceCv)
  A centaur (D:13)
  A killer bee (D:8)
  An orc priest (D:6)
  3 iron imps (Dis:7)
  5 hell rats
  A naga zombie (Dis:7)
  A mummy (Tomb:1)
  A gnoll (D:8)
  14 ball lightnings
  A kobold (Abyss:3)
  2 blocks of ice (Pan)
  2 fire vortices (Vaults:5)
  3 fungi
  42 plants
  7 starspawn tentacles (Abyss:3)
194 creatures vanquished.

Grand Total: 4117 creatures vanquished

Notes
Turn   | Place    | Note
-------+----------+-------------------------------------------
     0 | D:1      | MordorOrchid the Gnoll Wizard began the quest for the Orb.
     0 | D:1      | Reached XP level 1. HP: 13/13 MP: 8/8
   170 | D:1      | Reached XP level 2. HP: 19/19 MP: 6/10
   174 | D:1      | Learned a level 2 spell: Blink
   177 | D:1      | Learned a level 2 spell: Call Imp
   607 | D:1      | Reached XP level 3. HP: 25/25 MP: 9/11
   615 | D:1      | Learned a level 3 spell: Conjure Flame
   619 | D:1      | Learned a level 3 spell: Mephitic Cloud
   622 | D:1      | Learned a level 2 spell: Slow
   784 | D:2      | Found a bloodstained altar of Trog.
   795 | D:2      | Found a sacrificial altar of Ru.
   813 | D:2      | Reached skill level 1 in Invocations
   918 | D:2      | Reached skill level 1 in Fighting
   918 | D:2      | Reached skill level 1 in Short Blades
   918 | D:2      | Reached skill level 1 in Long Blades
   918 | D:2      | Reached skill level 1 in Axes
   918 | D:2      | Reached skill level 1 in Maces & Flails
   918 | D:2      | Reached skill level 1 in Polearms
   918 | D:2      | Reached skill level 1 in Staves
   918 | D:2      | Reached skill level 1 in Slings
   918 | D:2      | Reached skill level 1 in Bows
   918 | D:2      | Reached skill level 1 in Crossbows
   918 | D:2      | Reached skill level 1 in Throwing
   918 | D:2      | Reached skill level 1 in Armour
   918 | D:2      | Reached skill level 1 in Shields
   918 | D:2      | Reached skill level 1 in Unarmed Combat
   918 | D:2      | Reached skill level 1 in Evocations
   939 | D:2      | Reached XP level 4. HP: 30/32 MP: 0/13
  1504 | D:3      | Reached skill level 1 in Hexes
  1504 | D:3      | Reached skill level 1 in Charms
  1504 | D:3      | Reached skill level 1 in Necromancy
  1504 | D:3      | Reached skill level 1 in Transmutations
  1504 | D:3      | Reached skill level 1 in Fire Magic
  1504 | D:3      | Reached skill level 1 in Ice Magic
  1504 | D:3      | Reached skill level 1 in Air Magic
  1504 | D:3      | Reached skill level 1 in Earth Magic
  1504 | D:3      | Reached skill level 1 in Poison Magic
  1674 | D:3      | Reached XP level 5. HP: 37/37 MP: 7/14
  1792 | D:3      | Learned a level 1 spell: Animate Skeleton
  1794 | D:3      | Learned a level 1 spell: Confusing Touch
  1796 | D:3      | Learned a level 1 spell: Apportation
  2324 | D:4      | Reached XP level 6. HP: 40/44 MP: 12/16
  2470 | D:4      | Reached skill level 5 in Dodging
  2470 | D:4      | Reached skill level 2 in Shields
  2885 | D:5      | Entered Level 5 of the Dungeon
  2895 | D:5      | Found a blossoming altar of Fedhas.
  2952 | D:5      | Reached XP level 7. HP: 33/50 MP: 4/18
  2959 | D:5      | Found Ecionar's Assorted Antiques.
  2977 | D:5      | Bought a red potion for 28 gold pieces
  3864 | D:6      | Noticed Prince Ribbit
  3866 | D:6      | Reached skill level 5 in Stealth
  3964 | D:6      | Reached XP level 8. HP: 36/57 MP: 14/19
  4162 | D:5      | Reached skill level 3 in Shields
  4185 | D:6      | Killed Prince Ribbit
  4495 | D:5      | Noticed a rust devil
  4495 | D:5      | Noticed a rust devil
  5000 | D:5      | Killed a rust devil
  5000 | D:5      | Reached XP level 9. HP: 37/65 MP: 5/21
  5156 | D:5      | Killed a rust devil
  5379 | D:6      | Found a runed translucent door.
  5380 | D:6      | Noticed Crazy Yiuf
  5394 | D:6      | Killed Crazy Yiuf
  5443 | D:6      | Reached skill level 4 in Shields
  5639 | D:7      | Learned a level 4 spell: Sticky Flame
  5649 | D:7      | Found an opulent altar of Gozag.
  5651 | D:7      | Found a blossoming altar of Fedhas.
  5686 | D:7      | Noticed a white ugly thing
  5701 | D:7      | Killed a white ugly thing
  5733 | D:7      | Got a pitted ring mail
  5744 | D:7      | Identified the cursed +1 ring mail of Daci {*Drain rN++
                  | SInv} (You found it on level 7 of the Dungeon)
  5811 | D:7      | Found a staircase to the Ecumenical Temple.
  5818 | Temple   | Entered the Ecumenical Temple
  5944 | Temple   | Became a worshipper of Cheibriados the Contemplative
  6254 | D:7      | Reached skill level 5 in Invocations
  6296 | D:7      | Reached XP level 10. HP: 73/73 MP: 15/22
  6388 | D:7      | Learned a level 5 spell: Fireball
  6407 | D:8      | Noticed a two-headed ogre
  6409 | D:8      | Noticed Pikel
  6513 | D:8      | Reached * piety under Cheibriados
  6524 | D:8      | Noticed Erica
  6534 | D:8      | Killed Erica
  6534 | D:8      | Reached skill level 5 in Fighting
  6534 | D:8      | Reached skill level 5 in Short Blades
  6534 | D:8      | Reached skill level 5 in Long Blades
  6534 | D:8      | Reached skill level 5 in Axes
  6534 | D:8      | Reached skill level 5 in Maces & Flails
  6534 | D:8      | Reached skill level 5 in Polearms
  6534 | D:8      | Reached skill level 5 in Staves
  6534 | D:8      | Reached skill level 5 in Slings
  6534 | D:8      | Reached skill level 5 in Bows
  6534 | D:8      | Reached skill level 5 in Crossbows
  6534 | D:8      | Reached skill level 5 in Throwing
  6534 | D:8      | Reached skill level 5 in Armour
  6534 | D:8      | Reached skill level 5 in Shields
  6534 | D:8      | Reached skill level 5 in Unarmed Combat
  6534 | D:8      | Reached skill level 5 in Evocations
  6992 | D:8      | Reached ** piety under Cheibriados
  7025 | D:8      | Killed Pikel
  7025 | D:8      | Reached skill level 5 in Conjurations
  7025 | D:8      | Reached skill level 5 in Summonings
  7025 | D:8      | Reached skill level 5 in Translocations
  7123 | D:8      | Got a smoking whip
  7124 | D:8      | Identified the +7 whip of Ecasim {flame, Str+2} (You found
                  | it on level 8 of the Dungeon)
  7257 | D:8      | Killed a two-headed ogre
  7372 | D:9      | Noticed a two-headed ogre
  7385 | D:8      | Killed a two-headed ogre
  7385 | D:8      | Reached XP level 11. HP: 67/81 MP: 15/24
  7437 | D:8      | Learned a level 3 spell: Inner Flame
  7554 | D:9      | Noticed Gastronok
  7584 | D:9      | Killed Gastronok
  7584 | D:9      | Reached skill level 6 in Shields
  7584 | D:9      | Reached skill level 5 in Hexes
  7584 | D:9      | Reached skill level 5 in Charms
  7584 | D:9      | Reached skill level 5 in Necromancy
  7584 | D:9      | Reached skill level 5 in Transmutations
  7584 | D:9      | Reached skill level 5 in Fire Magic
  7584 | D:9      | Reached skill level 5 in Ice Magic
  7584 | D:9      | Reached skill level 5 in Air Magic
  7584 | D:9      | Reached skill level 5 in Earth Magic
  7584 | D:9      | Reached skill level 5 in Poison Magic
  7613 | D:9      | Reached *** piety under Cheibriados
  7885 | D:9      | Noticed Psyche
  7899 | D:9      | Killed Psyche
  8158 | D:10     | Entered Level 10 of the Dungeon
  8333 | D:10     | Reached **** piety under Cheibriados
  8770 | D:10     | Found a portal to a secret trove of treasure.
  8770 | D:10     | Noticed a vault guard
  8772 | D:10     | Killed a vault guard
  8966 | D:11     | Noticed Urug
  8981 | D:11     | Reached ***** piety under Cheibriados
  8982 | D:11     | Noticed Harold
  9092 | D:11     | Reached XP level 12. HP: 89/89 MP: 11/25
  9339 | D:11     | Noticed a death yak
  9345 | D:11     | Noticed a death yak
  9349 | D:11     | Noticed a death yak
  9353 | D:11     | Killed a death yak
  9353 | D:11     | Reached skill level 10 in Spellcasting
  9358 | D:11     | Killed a death yak
  9358 | D:11     | Reached skill level 7 in Shields
  9403 | D:11     | Killed a death yak
  9451 | D:11     | Found a staircase to the Lair.
  9537 | D:11     | Noticed a two-headed ogre
  9542 | D:11     | Found a staircase to the Orcish Mines.
  9554 | D:11     | Killed Urug
  9583 | D:11     | Killed a two-headed ogre
  9689 | D:11     | Killed Harold
  9927 | Lair:1   | Entered Level 1 of the Lair of Beasts
  9939 | Lair:1   | Noticed a five-headed hydra
  9949 | Lair:1   | Killed a five-headed hydra
 10417 | Lair:2   | Found a frozen archway.
 10471 | IceCv    | Entered an ice cave
 10700 | IceCv    | Reached XP level 13. HP: 98/98 MP: 23/27
 10818 | IceCv    | Reached ****** piety under Cheibriados
 10959 | IceCv    | Reached skill level 8 in Shields
 11068 | IceCv    | Noticed a frost giant
 11170 | IceCv    | Killed a frost giant
 11389 | Lair:2   | Noticed Nergalle
 11407 | Lair:2   | Killed Nergalle
 11419 | Lair:2   | Found a staircase to the Shoals.
 12261 | Lair:3   | Found a gate leading to a gauntlet.
 12280 | Gauntlet | Entered a Gauntlet
 12280 | Gauntlet | Found a transporter.
 12280 | Gauntlet | Found a transporter.
 12280 | Gauntlet | Found a runed translucent gate.
 12280 | Gauntlet | Found a runed translucent gate.
 12280 | Gauntlet | Found a runed translucent gate.
 12288 | Gauntlet | Found a transporter.
 12292 | Gauntlet | Found a transporter.
 12301 | Gauntlet | Found a transporter.
 12305 | Gauntlet | Found a transporter.
 12310 | Gauntlet | Noticed a cacodemon
 12312 | Gauntlet | Found a runed translucent door.
 12315 | Gauntlet | Found a transporter.
 12329 | Gauntlet | Found a transporter.
 12331 | Gauntlet | Noticed a death ooze
 12333 | Gauntlet | Found a transporter.
 12351 | Gauntlet | Found a transporter.
 12360 | Gauntlet | Found a transporter.
 12364 | Gauntlet | Found a transporter.
 12536 | Gauntlet | Killed a death ooze
 12544 | Gauntlet | Got a polished cloak
 12547 | Gauntlet | Got a twisted long sword
 12554 | Gauntlet | Identified the +4 long sword of the Blessed Realm {slice,
                  | rElec Str+7 Int+3 Dex-4} (You found it in a Gauntlet)
 12565 | Gauntlet | Identified the +2 cloak of the Failed Coup {rF++ rN+ Str-3}
                  | (You found it in a Gauntlet)
 12606 | Gauntlet | Identified the +5 flail of Ilaiff {pain, *Rage rC+ rN+
                  | MP+9}
 12606 | Gauntlet | Identified the +4 ring mail "Yrphiarirch" {rElec rPois rC++
                  | Dex-4}
 12606 | Gauntlet | Noticed a minotaur
 12616 | Gauntlet | Killed a minotaur
 12637 | Gauntlet | Identified the Guide on Shifting Earth
 12912 | Lair:3   | Learned a level 2 spell: Passwall
 13284 | Lair:4   | Found a runed translucent gate.
 13284 | Lair:4   | Found a runed translucent gate.
 13284 | Lair:4   | Found a runed translucent gate.
 13424 | Lair:4   | Reached XP level 14. HP: 106/106 MP: 18/29
 13550 | Lair:4   | Noticed havocjr3's ghost (journeyman GnFi)
 13572 | Lair:4   | Killed havocjr3's ghost
 13725 | Lair:4   | Got the ring of Jang {Fire}
 13920 | Lair:4   | Reached skill level 10 in Dodging
 13984 | Lair:4   | Found a staircase to the Snake Pit.
 14031 | Lair:4   | Identified the ring of Jang {Fire Dex+6} (You found it on
                  | level 4 of the Lair of Beasts)
 14244 | Lair:5   | Reached skill level 9 in Shields
 14396 | Lair:5   | Reached skill level 10 in Stealth
 14543 | Lair:6   | Entered Level 6 of the Lair of Beasts
 14812 | Lair:6   | Reached skill level 10 in Invocations
 14827 | Lair:6   | Found a staircase to the Slime Pits.
 14891 | Lair:6   | Noticed Josephine
 14905 | Lair:6   | Killed Josephine
 15616 | Lair:6   | Noticed a dire elephant
 15794 | Lair:6   | Killed a dire elephant
 15944 | Lair:6   | Reached XP level 15. HP: 106/114 MP: 21/30
 16089 | Lair:6   | Found a runed translucent door.
 16158 | Lair:6   | Learned a level 4 spell: Olgreb's Toxic Radiance
 16467 | Shoals:1 | Entered Level 1 of the Shoals
 17090 | Shoals:1 | Reached skill level 10 in Fighting
 17090 | Shoals:1 | Reached skill level 10 in Short Blades
 17090 | Shoals:1 | Reached skill level 10 in Long Blades
 17090 | Shoals:1 | Reached skill level 10 in Axes
 17090 | Shoals:1 | Reached skill level 10 in Maces & Flails
 17090 | Shoals:1 | Reached skill level 10 in Polearms
 17090 | Shoals:1 | Reached skill level 10 in Staves
 17090 | Shoals:1 | Reached skill level 10 in Slings
 17090 | Shoals:1 | Reached skill level 10 in Bows
 17090 | Shoals:1 | Reached skill level 10 in Crossbows
 17090 | Shoals:1 | Reached skill level 10 in Throwing
 17090 | Shoals:1 | Reached skill level 10 in Armour
 17090 | Shoals:1 | Reached skill level 10 in Shields
 17090 | Shoals:1 | Reached skill level 10 in Unarmed Combat
 17090 | Shoals:1 | Reached skill level 10 in Evocations
 17696 | Shoals:2 | Found a large runed translucent door.
 17696 | Shoals:2 | Found a large runed translucent door.
 17697 | Shoals:2 | Noticed Pocketmage's ghost (adept GnWn)
 17868 | Shoals:4 | Entered Level 4 of the Shoals
 18073 | Shoals:4 | Reached XP level 16. HP: 113/122 MP: 27/32
 18308 | Shoals:4 | Got a barnacled rune of Zot
 18317 | Shoals:4 | Learned a level 3 spell: Regeneration
 19365 | D:13     | Found a shimmering altar of Xom.
 19370 | D:13     | Found a shimmering altar of Xom.
 19429 | D:13     | Found Hulo's Armour Boutique.
 19588 | D:14     | Found a shattered altar of Ashenzari.
 19617 | D:14     | Identified the +6 plate armour "Kuhof" {rF+} (You found it
                  | on level 14 of the Dungeon)
 19627 | D:14     | Found a gate to the Vaults.
 19811 | D:14     | Reached skill level 11 in Shields
 19853 | D:14     | Found a shadowy altar of Dithmenos.
 19864 | D:14     | Found a hazy altar of Hepliaklqana.
 20039 | D:15     | Entered Level 15 of the Dungeon
 20052 | D:15     | Reached XP level 17. HP: 131/131 MP: 11/33
 20582 | D:15     | Found a staircase to the Depths.
 20607 | Depths:1 | Entered Level 1 of the Depths
 20607 | Depths:1 | Found a gateway to Hell.
 20613 | Depths:1 | You fall through a shaft!
 20656 | Depths:2 | Paralysed by a floating eye for 2 turns
 20743 | Depths:2 | Reached skill level 10 in Conjurations
 20743 | Depths:2 | Reached skill level 10 in Summonings
 20743 | Depths:2 | Reached skill level 10 in Translocations
 21224 | Depths:2 | Noticed Bai Suzhen
 21501 | Depths:2 | Killed Bai Suzhen
 21534 | Depths:2 | Noticed Saint Roka
 21686 | Depths:2 | Reached skill level 10 in Hexes
 21686 | Depths:2 | Reached skill level 10 in Charms
 21686 | Depths:2 | Reached skill level 10 in Necromancy
 21686 | Depths:2 | Reached skill level 10 in Transmutations
 21686 | Depths:2 | Reached skill level 10 in Fire Magic
 21686 | Depths:2 | Reached skill level 10 in Ice Magic
 21686 | Depths:2 | Reached skill level 10 in Air Magic
 21686 | Depths:2 | Reached skill level 10 in Earth Magic
 21686 | Depths:2 | Reached skill level 10 in Poison Magic
 21885 | Depths:2 | Reached XP level 18. HP: 131/139 MP: 24/35
 22050 | Depths:2 | Found a runed translucent door.
 22050 | Depths:2 | Found a runed translucent door.
 22050 | Depths:2 | Noticed a golden dragon
 22050 | Depths:2 | Noticed a golden dragon
 22058 | Depths:2 | Learned a level 6 spell: Statue Form
 22087 | Depths:2 | Killed a golden dragon
 22090 | Depths:2 | Killed a golden dragon
 22133 | Depths:2 | You fall through a shaft for 2 floors!
 22274 | Depths:3 | Noticed Frederick
 22298 | Depths:1 | Paralysed by a great orb of eyes for 5 turns
 22348 | Depths:2 | Reached skill level 12 in Shields
 22591 | Depths:1 | Found a glowing golden altar of the Shining One.
 22841 | Depths:1 | Got a fine long sword
 22842 | Depths:1 | Identified the +8 long sword of Purpose {vamp, Str-4 Dex+6}
                  | (You found it on level 1 of the Depths)
 23357 | Depths:2 | Noticed a lich
 23357 | Depths:2 | Noticed a tentacled monstrosity
 23370 | Depths:2 | Killed a tentacled monstrosity
 23370 | Depths:2 | Reached XP level 19. HP: 147/147 MP: 28/36
 23374 | Depths:2 | Killed a lich
 23507 | Depths:3 | Noticed Margery
 23548 | Depths:2 | Killed Saint Roka
 23955 | Orc:1    | Entered Level 1 of the Orcish Mines
 23975 | Orc:1    | Paralysed by an orc sorcerer for 6 turns
 24093 | Orc:1    | Found a roughly hewn altar of Beogh.
 24176 | Orc:1    | You fall through a shaft!
 24176 | Orc:2    | Entered Level 2 of the Orcish Mines
 24176 | Orc:2    | Found a staircase to the Elven Halls.
 24301 | Orc:2    | Noticed Donald
 24311 | Orc:2    | Killed Donald
 24378 | Orc:2    | Found a bloodstained altar of Trog.
 24473 | Orc:2    | Found Kaothrada's Antique Weapon Emporium.
 24474 | Orc:2    | Found Wuxaot's Assorted Antiques.
 24529 | Orc:2    | Found Wabeo's Distillery.
 24539 | Orc:2    | Found Gulluotz's General Store.
 24565 | Orc:2    | Bought a potion of curing for 48 gold pieces
 24719 | Orc:1    | Found Rir Ull's Weapon Emporium.
 24775 | Orc:1    | Found a transporter.
 24775 | Orc:1    | Found a transporter.
 24775 | Orc:1    | Noticed Pumulam's ghost (journeyman MiMo)
 24775 | Orc:1    | Identified the +8 great mace "Xoibo Byh" {vamp, Str+7
                  | Int-5}
 24775 | Orc:1    | Identified the +5 great mace of Change {speed, *Corrode MR+
                  | Str+2 Stlth+}
 24790 | Orc:1    | Killed Pumulam's ghost
 24878 | Orc:2    | Bought a scroll of acquirement for 572 gold pieces
 24879 | Orc:2    | Got a pair of spiked gloves
 24880 | Orc:2    | Identified the +0 pair of gloves "Pyrysok" {rF- rC+ Int+4}
                  | (You acquired it on level 2 of the Orcish Mines)
 24891 | Orc:2    | Bought a potion of magic for 88 gold pieces
 24911 | Orc:2    | Bought an encrusted war axe for 289 gold pieces
 24911 | Orc:2    | Identified the +5 war axe of Foolhardiness {venom, *Drain
                  | rElec MR+++ Stlth-} (You bought it in a shop on level 2 of
                  | the Orcish Mines)
 24951 | Elf:1    | Entered Level 1 of the Elven Halls
 25481 | Elf:1    | Reached XP level 20. HP: 155/155 MP: 27/38
 25554 | Elf:1    | Found Onuiseth's Assorted Antiques.
 25559 | Elf:1    | Bought a papyrus book for 585 gold pieces
 25590 | Elf:1    | Reached skill level 13 in Shields
 25885 | Elf:2    | Found a deep blue altar of Sif Muna.
 25930 | Elf:2    | Found a runed translucent gate.
 25969 | Elf:2    | Found a runed translucent gate.
 25972 | Elf:2    | Found a transporter.
 25984 | Elf:2    | Found a transporter.
 25984 | Elf:2    | Identified the cursed +2 quick blade "Dragonslayer" {elec,
                  | +Fly Str+2}
 25984 | Elf:2    | Identified the +6 longbow "Dofaega" {venom, Str+2 Stlth+}
 25984 | Elf:2    | Identified the +8 rapier of Summertime {antimagic, rPois
                  | Dex+3}
 25984 | Elf:2    | Noticed kalagan's ghost (adept GrEE)
 25987 | Elf:2    | Found a bloodstained altar of Trog.
 26130 | Elf:3    | Entered Level 3 of the Elven Halls
 26415 | Elf:3    | Learned a level 5 spell: Lee's Rapid Deconstruction
 26561 | Elf:3    | Got a coiled copper ring
 26565 | Elf:3    | Identified Sif Muna's Compendium of Ghastly Snow
 26577 | Elf:3    | Identified the +7 scale mail "Kiqoc" {rC+ MR+ rCorr Str+2}
                  | (You found it on level 3 of the Elven Halls)
 26581 | Elf:3    | Got a steaming rapier
 26587 | Elf:3    | Identified the +11 chain mail "Akymoq" {Int+4}
 26679 | Elf:3    | Identified the ring "Nosaffom" {-Tele AC+6 Int+9} (You
                  | found it on level 3 of the Elven Halls)
 26680 | Elf:3    | Identified the ring "Neohoci" {Str+5 Stlth+} (You found it
                  | on level 3 of the Elven Halls)
 26835 | Elf:3    | Identified the +3 cloak "Tusukh" {rF+ SInv} (You found it
                  | on level 3 of the Elven Halls)
 27001 | Elf:2    | Identified the ring "Hemp" {+Fly rPois MR+ Str+2 Dex+6}
 27116 | Lair:1   | Identified the +1 rapier of Equilibrium {freeze, rElec rC-
                  | Str+6 Int-4} (You found it on level 3 of the Elven Halls)
 27297 | Snake:1  | Entered Level 1 of the Snake Pit
 27358 | Snake:1  | You fall through a shaft!
 27358 | Snake:2  | Found Ihol's Jewellery Boutique.
 27425 | Snake:2  | Bought a cursed ring of attention for 81 gold pieces
 27543 | Snake:3  | Noticed Kirke
 27594 | Snake:3  | Reached XP level 21. HP: 163/163 MP: 36/39
 27752 | Snake:4  | Entered Level 4 of the Snake Pit
 27761 | Snake:4  | Reached skill level 15 in Spellcasting
 28167 | Snake:4  | Noticed Vashnia
 28191 | Snake:4  | Killed Vashnia
 28202 | Snake:4  | Reached skill level 14 in Shields
 28493 | Snake:4  | Got a serpentine rune of Zot
 28649 | Snake:1  | Got a translucent trident
 28650 | Snake:1  | Identified the +9 trident "Beetlebane" {pain, Str+6} (You
                  | found it on level 1 of the Snake Pit)
 28813 | Slime:1  | Entered Level 1 of the Pits of Slime
 28883 | Lair:6   | Reached skill level 15 in Invocations
 28913 | Slime:1  | Gained mutation: Your magical capacity is low. (-10% MP) [a
                  | shining eye]
 29197 | Slime:4  | Gained mutation: You occasionally shout uncontrollably at
                  | your foes. [a shining eye]
 29202 | Slime:4  | Gained mutation: You tend to lose your temper in combat. [a
                  | shining eye]
 29204 | Slime:4  | Gained mutation: Armour fits poorly on your strangely
                  | shaped body. [a shining eye]
 29318 | Slime:4  | Lost mutation: Armour fits poorly on your strangely shaped
                  | body. [potion of mutation]
 29318 | Slime:4  | Lost mutation: You tend to lose your temper in combat.
                  | [potion of mutation]
 29318 | Slime:4  | Lost mutation: You occasionally shout uncontrollably at
                  | your foes. [potion of mutation]
 29318 | Slime:4  | Gained mutation: You are partially covered in icy blue
                  | scales. (AC +2) [potion of mutation]
 29318 | Slime:4  | Gained mutation: You are dopey. (Int -2) [potion of
                  | mutation]
 29318 | Slime:4  | Gained mutation: You have a pair of small antennae on your
                  | head. [potion of mutation]
 29320 | Slime:5  | Entered Level 5 of the Pits of Slime
 29462 | Slime:5  | Reached XP level 22. HP: 163/172 MP: 37/37
 29644 | Slime:5  | Gained mutation: Scrolls take you a little longer to read.
                  | [a shining eye]
 29661 | Slime:4  | Lost mutation: Your magical capacity is low. (-10% MP)
                  | [potion of mutation]
 29661 | Slime:4  | Lost mutation: You are dopey. (Int -2) [potion of mutation]
 29661 | Slime:4  | Lost mutation: You have a pair of small antennae on your
                  | head. [potion of mutation]
 29661 | Slime:4  | Lost mutation: Scrolls take you a little longer to read.
                  | [potion of mutation]
 29661 | Slime:4  | Gained mutation: Your system is resistant to poisons.
                  | (rPois) [potion of mutation]
 29661 | Slime:4  | Gained mutation: Your spells are a little harder to cast,
                  | but a little more powerful. [potion of mutation]
 29678 | Slime:5  | Found a viscous altar of Jiyva.
 29683 | Slime:5  | Found the +7 longbow "Piercer" {penet, EV-2}
 29772 | Slime:5  | Noticed the Royal Jelly
 29820 | Slime:5  | Killed the Royal Jelly
 29820 | Slime:5  | Reached skill level 15 in Shields
 29893 | Slime:5  | Identified the Almanac of Excruciating Calling
 29907 | Slime:5  | Identified the +1 scale mail "Joorgh" {rF- Str+2 Int+6
                  | Stlth+} (You found it on level 5 of the Pits of Slime)
 29908 | Slime:5  | Got an ichor-stained rapier
 29908 | Slime:5  | Got a clouded silver ring
 29932 | Slime:5  | Got a crystal rapier
 29936 | Slime:5  | Identified the amulet "Wuanixzie" {Spirit -Tele rF+++ rC+++
                  | Str-5} (You found it on level 5 of the Pits of Slime)
 29942 | Slime:5  | Got a slimy rune of Zot
 29957 | Slime:5  | Identified the Compendium of Flying Malediction
 29972 | Slime:5  | Identified the cursed +2 rapier of Contradiction {drain,
                  | rElec rPois rF- Dex+3} (You found it on level 5 of the Pits
                  | of Slime)
 29973 | Slime:5  | Identified the +7 rapier "Reink" {pierce, +Inv rElec SInv
                  | Stlth+} (You found it on level 5 of the Pits of Slime)
 29988 | Slime:5  | Identified the ring of Accord {*Corrode rElec rF+ rN+
                  | Str+4} (You found it on level 5 of the Pits of Slime)
 29990 | Slime:5  | Identified the +8 plate armour of Loss {rPois} (You found
                  | it on level 5 of the Pits of Slime)
 30320 | D:14     | Learned a level 7 spell: Malign Gateway
 30321 | Vaults:1 | Entered Level 1 of the Vaults
 30523 | Vaults:1 | Found Biguif's Armour Shop.
 30630 | Vaults:1 | Got an ichor-stained mace
 30828 | Vaults:1 | Reached skill level 15 in Dodging
 30887 | Vaults:1 | Found a runed translucent gate.
 30887 | Vaults:1 | Found a runed translucent gate.
 30888 | Vaults:1 | Found a runed translucent gate.
 30888 | Vaults:1 | Noticed Xafer's ghost (adept DsGl)
 31372 | Vaults:2 | Reached skill level 15 in Stealth
 31461 | Vaults:2 | Reached skill level 15 in Crossbows
 32078 | Vaults:2 | Reached XP level 23. HP: 169/179 MP: 42/42
 32359 | Vaults:3 | Identified the +9 mace "Qelor" {crush, rElec rF+ Str+4}
                  | (You found it on level 1 of the Vaults)
 32402 | Vaults:3 | Reached skill level 16 in Shields
 32916 | Vaults:4 | Reached skill level 15 in Fighting
 32916 | Vaults:4 | Reached skill level 15 in Short Blades
 32916 | Vaults:4 | Reached skill level 15 in Long Blades
 32916 | Vaults:4 | Reached skill level 15 in Axes
 32916 | Vaults:4 | Reached skill level 15 in Maces & Flails
 32916 | Vaults:4 | Reached skill level 15 in Polearms
 32916 | Vaults:4 | Reached skill level 15 in Staves
 32916 | Vaults:4 | Reached skill level 15 in Slings
 32916 | Vaults:4 | Reached skill level 15 in Bows
 32916 | Vaults:4 | Reached skill level 15 in Throwing
 32916 | Vaults:4 | Reached skill level 15 in Armour
 32916 | Vaults:4 | Reached skill level 15 in Unarmed Combat
 32916 | Vaults:4 | Reached skill level 15 in Evocations
 33494 | Vaults:3 | Found a staircase to the Crypt.
 33922 | Vaults:5 | Entered Level 5 of the Vaults
 34038 | Vaults:5 | Reached XP level 24. HP: 124/189 MP: 36/43
 34089 | Vaults:5 | Noticed an ancient lich
 34103 | Vaults:5 | Killed an ancient lich
 34103 | Vaults:5 | Reached skill level 17 in Shields
 34150 | Vaults:5 | Identified the ring "Vetamytz" {Fire MR++ Str+3 Int+3
                  | Dex-3}
 34243 | Vaults:5 | Identified the cursed +2 great sword "MordorOrchid's Foe"
                  | {venom, rC++ Str-3 Int+3}
 34351 | Vaults:5 | Identified the amulet of the Little Devil {Acrobat SInv}
 34358 | Vaults:5 | Identified the ring "Qefeesal" {Wiz MP+9}
 34637 | Vaults:5 | Got a jewelled hunting sling
 34638 | Vaults:5 | Identified the +6 hunting sling "Giantslayer" {venom, rN+
                  | SInv Stlth+} (You found it on level 5 of the Vaults)
 34918 | Vaults:5 | Got a silver rune of Zot
 35042 | Vaults:5 | Identified the +1 leather armour "Meohim" {rF+ Dex+5} (You
                  | found it on level 5 of the Vaults)
 35311 | Hell     | Entered the Vestibule of Hell
 35311 | Hell     | Noticed Geryon
 35363 | Depths:1 | Reached XP level 25. HP: 115/197 MP: 43/43
 35759 | Hell     | Reached skill level 18 in Shields
 35807 | Hell     | Killed Geryon
 35873 | Hell     | Found a gateway to the freezing wastes of Cocytus.
 35910 | Hell     | Learned a level 4 spell: Passage of Golubria
 35920 | Hell     | Learned a level 8 spell: Ignition
 35937 | Hell     | Found a gateway to the ashen valley of Gehenna.
 35955 | Geh:1    | Entered Level 1 of Gehenna
 35961 | Geh:1    | You fall through a shaft!
 36368 | Geh:7    | Entered Level 7 of Gehenna
 36820 | Geh:7    | Reached XP level 26. HP: 204/204 MP: 44/44
 37004 | Geh:7    | Identified the +7 sceptre of Asmodeus
 37004 | Geh:7    | Noticed Asmodeus
 37023 | Geh:7    | Killed Asmodeus
 37040 | Geh:7    | Got an obsidian rune of Zot
 37058 | Geh:7    | Reached skill level 19 in Shields
 37252 | Depths:3 | Killed Frederick
 37280 | Depths:3 | Found a one-way gate to the infinite horrors of the Abyss.
 37342 | Depths:3 | Killed Margery
 37477 | Coc:1    | Entered Level 1 of Cocytus
 37685 | Coc:4    | Noticed a shard shrike
 37686 | Coc:4    | Noticed a shard shrike
 37738 | Coc:5    | You fall through a shaft!
 37767 | Coc:6    | Noticed a shard shrike
 37770 | Coc:6    | Noticed a shard shrike
 37772 | Coc:6    | Killed a shard shrike
 37775 | Coc:6    | Killed a shard shrike
 37789 | Coc:7    | Entered Level 7 of Cocytus
 37936 | Coc:7    | Noticed a shard shrike
 37937 | Coc:7    | Noticed a shard shrike
 37939 | Coc:7    | Noticed a shard shrike
 37939 | Coc:7    | Noticed a shard shrike
 37942 | Coc:7    | Killed a shard shrike
 37942 | Coc:7    | Killed a shard shrike
 37944 | Coc:7    | Killed a shard shrike
 37946 | Coc:7    | Killed a shard shrike
 37995 | Coc:7    | Reached XP level 27. HP: 211/211 MP: 45/45
 38224 | Coc:7    | Gained mutation: You do not regenerate when monsters are
                  | visible. [mutagenic glow]
 38299 | Coc:7    | Reached skill level 20 in Shields
 38326 | Coc:7    | Reached skill level 15 in Conjurations
 38326 | Coc:7    | Reached skill level 15 in Summonings
 38326 | Coc:7    | Reached skill level 15 in Translocations
 38335 | Coc:7    | Identified the cursed +2 quarterstaff "Veodudai" {crush,
                  | rF- rC+ rN+}
 38335 | Coc:7    | Noticed Antaeus
 38345 | Coc:7    | Killed Antaeus
 38386 | Coc:7    | Got an icy rune of Zot
 38391 | Coc:7    | Got a fine leather armour
 38465 | Hell     | Identified the +0 leather armour of a treasure trove {rPois
                  | rF- MR+++ Str+4} (You found it on level 7 of Cocytus)
 38606 | D:14     | Lost mutation: Your spells are a little harder to cast, but
                  | a little more powerful. [potion of mutation]
 38606 | D:14     | Lost mutation: You do not regenerate when monsters are
                  | visible. [potion of mutation]
 38606 | D:14     | Gained mutation: You are frail. (-10% HP) [potion of
                  | mutation]
 38606 | D:14     | Lost mutation: You are partially covered in icy blue
                  | scales. (AC +2) [potion of mutation]
 38606 | D:14     | Gained mutation: You possess an exceptional clarity of
                  | mind. [potion of mutation]
 38689 | Hell     | Found a gateway to the Iron City of Dis.
 38698 | Dis:1    | Entered Level 1 of the Iron City of Dis
 38730 | Dis:1    | Reached skill level 15 in Hexes
 38730 | Dis:1    | Reached skill level 15 in Charms
 38730 | Dis:1    | Reached skill level 15 in Necromancy
 38730 | Dis:1    | Reached skill level 15 in Transmutations
 38730 | Dis:1    | Reached skill level 15 in Fire Magic
 38730 | Dis:1    | Reached skill level 15 in Ice Magic
 38730 | Dis:1    | Reached skill level 15 in Air Magic
 38730 | Dis:1    | Reached skill level 15 in Earth Magic
 38730 | Dis:1    | Reached skill level 15 in Poison Magic
 39029 | Dis:4    | Gained mutation: Scrolls take you a little longer to read.
                  | [mutagenic glow]
 39051 | Dis:4    | Gained mutation: Your body sometimes deteriorates upon
                  | taking damage. [mutagenic glow]
 39064 | Dis:4    | Gained mutation: You occasionally shout uncontrollably at
                  | your foes. [mutagenic glow]
 39067 | Dis:4    | Lost mutation: Scrolls take you a little longer to read.
                  | [potion of mutation]
 39067 | Dis:4    | Lost mutation: You possess an exceptional clarity of mind.
                  | [potion of mutation]
 39067 | Dis:4    | Lost mutation: You are frail. (-10% HP) [potion of
                  | mutation]
 39067 | Dis:4    | Lost mutation: Your body sometimes deteriorates upon taking
                  | damage. [potion of mutation]
 39067 | Dis:4    | Gained mutation: You are surrounded by a mild repulsion
                  | field. (EV +2) [potion of mutation]
 39067 | Dis:4    | Gained mutation: You sometimes yell uncontrollably at your
                  | foes. [potion of mutation]
 39067 | Dis:4    | Gained mutation: You are resistant to hostile enchantments.
                  | (MR+) [potion of mutation]
 39128 | Dis:4    | Gained mutation: You are weak. (Str -2) [mutagenic glow]
 39345 | Dis:5    | You fall through a shaft!
 39349 | Dis:7    | Entered Level 7 of the Iron City of Dis
 39358 | Dis:7    | Cast into level 3 of the Abyss (hell knight)
 39549 | Abyss:3  | Learned a level 4 spell: Summon Lightning Spire
 39654 | Abyss:3  | Found a corrupted altar of Lugonu.
 39674 | Dis:7    | Escaped the Abyss
 39903 | Dis:7    | Reached skill level 21 in Shields
 39908 | Dis:7    | Identified the +9 double sword "Trog's Vengeance" {slice,
                  | +Fly}
 40003 | Dis:7    | Identified the +8 pearl dragon scales "Guink" {rElec rC++
                  | rN+ Str+2 Stlth-}
 40003 | Dis:7    | Identified the amulet of Activism {RegenMP rElec rPois
                  | Int+5 Dex-2}
 40260 | Dis:7    | Identified the +4 staff of Dispater
 40260 | Dis:7    | Noticed Dispater
 40288 | Dis:7    | Killed Dispater
 40325 | Dis:7    | Got an iron rune of Zot
 40552 | Hell     | Learned a level 9 spell: Tornado
 40898 | Depths:3 | Found a one-way gate leading to the halls of Pandemonium.
 41000 | Pan      | Entered the realm of Lom Lobon.
 41000 | Pan      | Entered Pandemonium
 41314 | Pan      | Noticed Lom Lobon
 41497 | Pan      | Got a magical rune of Zot
 41648 | Pan      | Found a transporter.
 41688 | Pan      | Identified the ring "Jaboigh" {*Slow rN++ MR++ Slay+1}
 41709 | Pan      | Found a transporter.
 41775 | Pan      | Got a warped brass ring
 41790 | Pan      | Got a dazzling hat
 41791 | Pan      | Identified the +0 hat "Xyced" {+Blink rF+++ Str+2 SInv}
                  | (You found it in Pandemonium)
 41794 | Pan      | Identified the ring "Vudoupytt" {rN+ Dex+2} (You found it
                  | in Pandemonium)
 41857 | Pan      | Reached skill level 22 in Shields
 41976 | Pan      | Noticed Lom Lobon
 42014 | Pan      | Noticed Uphecar the pandemonium lord
 42046 | Pan      | HP: 13/284 [Uphecar the pandemonium lord (14)]
 42056 | Pan      | Killed Uphecar the pandemonium lord
 42061 | Pan      | Identified the ring "Riwnif" {rF+ rC- MP+9 Stlth+} (You
                  | found it in Pandemonium)
 42145 | Pan      | Noticed Dalu the pandemonium lord
 42328 | Pan      | Entered the realm of Gloorx Vloq.
 42449 | Pan      | Noticed Gloorx Vloq
 42704 | Pan      | Killed Gloorx Vloq
 42736 | Pan      | Got a dark rune of Zot
 42851 | Pan      | Entered the realm of Mnoleg.
 42869 | Pan      | Gained mutation: You are clumsy. (Dex -2) [a neqoxec]
 42871 | Pan      | Gained mutation: You are very clumsy. (Dex -4) [a neqoxec]
 42873 | Pan      | Gained mutation: You are very weak. (Str -4) [a neqoxec]
 42873 | Pan      | Gained mutation: You have sharp fingernails. [a neqoxec]
 42987 | Pan      | Gained mutation: Scrolls take you a little longer to read.
                  | [a cacodemon]
 43034 | Pan      | Lost mutation: Scrolls take you a little longer to read.
                  | [potion of mutation]
 43034 | Pan      | Lost mutation: You are very clumsy. (Dex -4) [potion of
                  | mutation]
 43034 | Pan      | Lost mutation: Your system is resistant to poisons. (rPois)
                  | [potion of mutation]
 43034 | Pan      | Lost mutation: You are very weak. (Str -4) [potion of
                  | mutation]
 43034 | Pan      | Lost mutation: You are resistant to hostile enchantments.
                  | (MR+) [potion of mutation]
 43034 | Pan      | Gained mutation: Your movements are slightly less
                  | encumbered by armour. (ER -2) [potion of mutation]
 43047 | Pan      | Noticed Mnoleg
 43070 | Pan      | Killed Mnoleg
 43097 | Pan      | Gained mutation: Armour fits poorly on your strangely
                  | shaped body. [a neqoxec]
 43126 | Pan      | Got a glowing rune of Zot
 43211 | Pan      | Found an exit through the horrors of the Abyss.
 43220 | Pan      | Gained mutation: You are dopey. (Int -2) [a cacodemon]
 43360 | Pan      | Gained mutation: You frequently scream uncontrollably at
                  | your foes. [a cacodemon]
 43435 | Pan      | Gained mutation: You are very weak. (Str -4) [a cacodemon]
 43513 | Pan      | Lost mutation: You are surrounded by a mild repulsion
                  | field. (EV +2) [potion of mutation]
 43513 | Pan      | Lost mutation: You frequently scream uncontrollably at your
                  | foes. [potion of mutation]
 43513 | Pan      | Lost mutation: You are clumsy. (Dex -2) [potion of
                  | mutation]
 43513 | Pan      | Gained mutation: You have a pair of small horns on your
                  | head. [potion of mutation]
 43514 | Pan      | Lost mutation: You have a pair of small horns on your head.
                  | [potion of mutation]
 43514 | Pan      | Lost mutation: Armour fits poorly on your strangely shaped
                  | body. [potion of mutation]
 43514 | Pan      | Lost mutation: You sometimes yell uncontrollably at your
                  | foes. [potion of mutation]
 43514 | Pan      | Lost mutation: You occasionally shout uncontrollably at
                  | your foes. [potion of mutation]
 43514 | Pan      | Gained mutation: You occasionally shout uncontrollably at
                  | your foes. [potion of mutation]
 43514 | Pan      | Gained mutation: You have sharp toenails. [potion of
                  | mutation]
 43514 | Pan      | Lost mutation: You are very weak. (Str -4) [potion of
                  | mutation]
 43514 | Pan      | Gained mutation: You are robust. (+10% HP) [potion of
                  | mutation]
 43525 | Pan      | Noticed Caysiorea the pandemonium lord
 43539 | Pan      | Killed Caysiorea the pandemonium lord
 43776 | Pan      | Entered the realm of Cerebov.
 43846 | Pan      | Reached skill level 23 in Shields
 43882 | Pan      | Identified the +6 sword of Cerebov {flame}
 43882 | Pan      | Noticed Cerebov
 43887 | Pan      | Killed Cerebov
 43899 | Pan      | Identified the +2 pair of boots of Syheno Fiso {rN+ rCorr
                  | Dex+4} (You found it in Pandemonium)
 43918 | Pan      | Got a clouded lead ring
 43950 | Pan      | Got a fiery rune of Zot
 44055 | Pan      | Identified the ring "Zovveuro" {rPois rF+ SInv Stlth+}
 44067 | Pan      | Identified the Guide on Poisoning and Unholy Arts
 44068 | Pan      | Identified the Volume of Quantum Clay
 44070 | Pan      | Identified the ring of Licrin {rCorr Stlth+} (You found it
                  | in Pandemonium)
 44112 | Pan      | Noticed Lom Lobon
 44127 | Pan      | Killed Lom Lobon
 44355 | Pan      | Identified the Papyrus of Scorching Attacks
 44356 | Pan      | Identified Sif Muna's Incunabulum of Unholy Self-Knowledge
 44362 | Pan      | Got an encrusted ring mail
 44363 | Pan      | Identified the ring of Xufunt {rF++ rN+++ MR+ Str-4 Int+4}
                  | (You found it in Pandemonium)
 44688 | Pan      | Noticed Rionyetam the pandemonium lord
 44699 | Pan      | Killed Rionyetam the pandemonium lord
 44911 | Pan      | Identified the cursed +0 ring mail of Duck's Teeth {rF+}
                  | (You found it in Pandemonium)
 45208 | Pan      | Found an exit through the horrors of the Abyss.
 45235 | Pan      | Found a runed translucent door.
 45309 | Pan      | Noticed Gaotsug the pandemonium lord
 45331 | Pan      | Killed Gaotsug the pandemonium lord
 45363 | Pan      | Got a demonic rune of Zot
 45419 | Pan      | Took an exit into the Abyss.
 45419 | Abyss:1  | Escaped into the Abyss
 45535 | Abyss:2  | Found a corrupted altar of Lugonu.
 45583 | Abyss:2  | Found a corrupted altar of Lugonu.
 45629 | Abyss:2  | Found a shattered altar of Ashenzari.
 45641 | Abyss:3  | Found a corrupted altar of Lugonu.
 45842 | Abyss:3  | Noticed a juggernaut
 45856 | Abyss:3  | Killed a juggernaut
 45890 | Abyss:3  | Found a glowing golden altar of the Shining One.
 45902 | Abyss:3  | Got an abyssal rune of Zot
 45921 | Depths:3 | Escaped the Abyss
 46007 | Hell     | Found a gateway to the decaying netherworld of Tartarus.
 46016 | Tar:1    | Entered Level 1 of Tartarus
 46224 | Tar:3    | You fall through a shaft for 2 floors!
 46265 | Tar:5    | Reached skill level 24 in Shields
 46374 | Tar:6    | Found a sparkling altar of Nemelex Xobeh.
 46378 | Tar:7    | Entered Level 7 of Tartarus
 46539 | Tar:7    | Noticed the Serpent of Hell
 46551 | Tar:7    | Killed the Serpent of Hell
 46730 | Tar:7    | Noticed Ereshkigal
 46826 | Tar:7    | Killed Ereshkigal
 46872 | Tar:7    | Got a bone rune of Zot
 47117 | Vaults:1 | Killed Xafer's ghost
 47240 | Crypt:1  | Entered Level 1 of the Crypt
 47330 | Crypt:3  | Entered Level 3 of the Crypt
 47357 | Crypt:3  | Noticed Boris
 47415 | Crypt:3  | Got a pair of ancient boots
 47416 | Crypt:3  | Identified the +0 pair of boots "Halaonwu" {rC- Int+4 Dex+4
                  | Slay+2} (You found it on level 3 of the Crypt)
 47477 | Crypt:3  | Found a staircase to the Tomb.
 47488 | Tomb:1   | Entered Level 1 of the Tomb of the Ancients
 47699 | Tomb:1   | Noticed a greater mummy
 47709 | Tomb:1   | Killed a greater mummy
 47835 | Tomb:1   | Noticed a greater mummy
 47844 | Tomb:1   | Killed a greater mummy
 47877 | Tomb:2   | Noticed Sojobo
 47879 | Tomb:2   | Noticed a greater mummy
 47879 | Tomb:2   | Noticed a greater mummy
 47880 | Tomb:2   | Noticed a greater mummy
 47880 | Tomb:2   | Noticed an ancient lich
 47902 | Tomb:2   | Killed a greater mummy
 47902 | Tomb:2   | Killed an ancient lich
 47903 | Tomb:2   | Killed a greater mummy
 47912 | Tomb:2   | Killed Sojobo
 47914 | Tomb:2   | Killed a greater mummy
 47914 | Tomb:2   | Reached skill level 25 in Shields
 48024 | Tomb:1   | Noticed a greater mummy
 48024 | Tomb:1   | Noticed a greater mummy
 48024 | Tomb:1   | Noticed a greater mummy
 48026 | Tomb:1   | Noticed a greater mummy
 48031 | Tomb:1   | Killed a greater mummy
 48031 | Tomb:1   | Noticed a greater mummy
 48032 | Tomb:1   | Killed a greater mummy
 48033 | Tomb:1   | Killed a greater mummy
 48033 | Tomb:1   | Killed a greater mummy
 48034 | Tomb:1   | Noticed a greater mummy
 48034 | Tomb:1   | Noticed a greater mummy
 48039 | Tomb:1   | Killed a greater mummy
 48050 | Tomb:1   | Noticed a greater mummy
 48051 | Tomb:1   | Killed a greater mummy
 48060 | Tomb:1   | HP: 13/322 [emperor scorpion[a greater mummy] (17)]
 48143 | Tomb:1   | Learned a level 9 spell: Shatter
 48168 | Tomb:1   | Killed a greater mummy
 48210 | Tomb:1   | Killed a greater mummy
 48426 | Tomb:3   | Entered Level 3 of the Tomb of the Ancients
 48432 | Tomb:3   | Noticed a greater mummy
 48440 | Tomb:3   | Noticed an ancient lich
 48441 | Tomb:3   | Noticed a greater mummy
 48441 | Tomb:3   | Noticed an ancient lich
 48442 | Tomb:3   | HP: 15/323 [??? (2)]
 48443 | Tomb:3   | HP: 5/323 [bennu (13)]
 48443 | Tomb:3   | Killed from afar by a mummy priest

Skill      XL: |  1  2  3  4  5  6  7  8  9 10 11 12 13 14 15 16 17 18 19 20 21 22 23 24 25 26 27 |
---------------+----------------------------------------------------------------------------------+-----
Conjurations   | 2 3 4 5 6 7 8 9 10 11 12 13 14 18 | 18.2
Summonings     | 2 3 4 5 6 7 8 9 10 11 12 13 14 18 | 18.2
Translocations | 2 3 4 5 6 7 8 9 10 11 12 13 14 18 | 18.2
Invocations    | 1 2 3 4 5 6 7 8 9 10 11 12 13 14 15 16 17 18 22 | 22.4
Fighting       | 1 2 3 4 5 6 7 8 9 10 11 12 13 14 15 16 20 | 20.9
Short Blades   | 1 2 3 4 5 6 7 8 9 10 11 12 13 14 15 16 20 | 20.9
Long Blades    | 1 2 3 4 5 6 7 8 9 10 11 12 13 14 15 16 20 | 20.9
Axes           | 1 2 3 4 5 6 7 8 9 10 11 12 13 14 15 16 20 | 20.9
Maces & Flails | 1 2 3 4 5 6 7 8 9 10 11 12 13 14 15 16 20 | 20.9
Polearms       | 1 2 3 4 5 6 7 8 9 10 11 12 13 14 15 16 20 | 20.9
Staves         | 1 2 3 4 5 6 7 8 9 10 11 12 13 14 15 16 20 | 20.9
Slings         | 1 2 3 4 5 6 7 8 9 10 11 12 13 14 15 16 20 | 20.9
Bows           | 1 2 3 4 5 6 7 8 9 10 11 12 13 14 15 16 20 | 20.9
Crossbows      | 1 2 3 4 5 6 7 8 9 10 11 12 14 15 16 17 21 | 21.2
Throwing       | 1 2 3 4 5 6 7 8 9 10 11 12 13 14 15 16 20 | 20.9
Armour         | 1 2 3 4 5 6 7 8 9 10 11 12 13 14 15 16 20 | 20.9
Shields        | 1 2 3 4 5 6 7 8 9 10 11 12 13 14 15 16 17 18 19 25 | 25.2
Unarmed Combat | 1 2 3 4 5 6 7 8 9 10 11 12 13 14 15 16 20 | 20.9
Evocations     | 1 2 3 4 5 6 7 8 9 10 11 12 13 14 15 16 20 | 20.9
Hexes          | 1 2 3 4 5 6 7 8 9 10 11 12 13 14 18 | 18.1
Charms         | 1 2 3 4 5 6 7 8 9 10 11 12 13 14 18 | 18.1
Necromancy     | 1 2 3 4 5 6 7 8 9 10 11 12 13 14 18 | 18.1
Transmutations | 1 2 3 4 5 6 7 8 9 10 11 12 13 14 18 | 18.1
Fire Magic     | 1 2 3 4 5 6 7 8 9 10 11 12 13 14 18 | 18.1
Ice Magic      | 1 2 3 4 5 6 7 8 9 10 11 12 13 14 18 | 18.1
Air Magic      | 1 2 3 4 5 6 7 8 9 10 11 12 13 14 18 | 18.1
Earth Magic    | 1 2 3 4 5 6 7 8 9 10 11 12 13 14 18 | 18.1
Poison Magic   | 1 2 3 4 5 6 7 8 9 10 11 12 13 14 18 | 18.1
Dodging        | 5 6 7 8 9 10 11 12 13 14 15 16 17 21 | 21.2
Stealth        | 5 6 7 8 9 10 11 12 13 14 15 16 17 21 | 21.2
Spellcasting   | 8 9 10 11 12 13 14 15 16 17 18 21 | 21.7

Action                   |  1- 3 |  4- 6 |  7- 9 | 10-12 | 13-15 | 16-18 | 19-21 | 22-24 | 25-27 || total
-------------------------+-------+-------+-------+-------+-------+-------+-------+-------+-------++-------
Melee: Dagger            |    20 |    54 |   115 |     9 |       |       |       |       |       ||   198
       Bite              |       |     6 |    14 |    63 |   171 |   179 |   177 |   248 |   630 ||  1488
       Trident           |       |       |    77 |   171 |       |       |     7 |   763 |   178 ||  1196
       Punch             |       |       |     1 |       |       |       |       |       |       ||     1
       Whip              |       |       |       |   233 |   383 |       |       |       |       ||   616
       Long sword        |       |       |       |       |   266 |   553 |    51 |       |       ||   870
       Unarmed           |       |       |       |       |       |   166 |   787 |   423 |  2885 ||  4261
       Rapier            |       |       |       |       |       |       |       |       |   138 ||   138
       Kick              |       |       |       |       |       |       |       |       |   361 ||   361
 Fire: Hunting sling     |       |    43 |    11 |    55 |    42 |    32 |       |       |       ||   183
       Blowgun           |       |       |       |       |       |       |       |     9 |    72 ||    81
Throw: Tomahawk          |       |       |       |     5 |     5 |       |       |       |    42 ||    52
       Javelin           |       |       |       |       |    44 |   144 |   188 |    63 |   125 ||   564
       Throwing net      |       |       |       |       |       |     4 |       |       |       ||     4
 Cast: Magic Dart        |    63 |   108 |   138 |   132 |    87 |     2 |       |       |       ||   530
       Conjure Flame     |     2 |     3 |    13 |    32 |    15 |    14 |    10 |     1 |     1 ||    91
       Mephitic Cloud    |       |    10 |    28 |    63 |   100 |    80 |    27 |    28 |    16 ||   352
       Call Imp          |       |       |    13 |     3 |    18 |     1 |    16 |     3 |       ||    54
       Blink             |       |       |     9 |     3 |     4 |     8 |    16 |     4 |    55 ||    99
       Confusing Touch   |       |       |     8 |     3 |    29 |     1 |       |       |     1 ||    42
       Animate Skeleton  |       |       |     6 |    62 |   139 |   142 |   153 |   165 |    78 ||   745
       Slow              |       |       |       |     2 |       |       |       |       |       ||     2
       Apportation       |       |       |       |    33 |   159 |   123 |   192 |   212 |   298 ||  1017
       Inner Flame       |       |       |       |    16 |    17 |     9 |     3 |       |     1 ||    46
       Fireball          |       |       |       |    10 |    61 |    49 |    57 |    32 |       ||   209
       Sticky Flame      |       |       |       |     2 |    81 |    20 |     4 |     1 |       ||   108
       Passwall          |       |       |       |       |    12 |   124 |   155 |    26 |   158 ||   475
       Olgreb's Toxic Ra |       |       |       |       |     5 |    22 |    24 |     1 |       ||    52
       Regeneration      |       |       |       |       |       |    17 |    17 |    14 |   182 ||   230
       Statue Form       |       |       |       |       |       |    19 |    82 |    53 |   207 ||   361
       Lee's Rapid Decon |       |       |       |       |       |       |     4 |     4 |    47 ||    55
       Malign Gateway    |       |       |       |       |       |       |       |     6 |    73 ||    79
       Passage of Golubr |       |       |       |       |       |       |       |       |   252 ||   252
       Ignition          |       |       |       |       |       |       |       |       |   132 ||   132
       Summon Lightning  |       |       |       |       |       |       |       |       |    70 ||    70
       Tornado           |       |       |       |       |       |       |       |       |    14 ||    14
       Shatter           |       |       |       |       |       |       |       |       |     3 ||     3
Invok: Bend Time         |       |       |       |     6 |     5 |    23 |    13 |     3 |    60 ||   110
       Step From Time    |       |       |       |     1 |       |     1 |       |       |     4 ||     6
       Slouch            |       |       |       |       |     1 |     1 |     7 |     6 |    35 ||    50
       Temporal Distorti |       |       |       |       |       |     1 |     1 |       |    22 ||    24
 Abil: End Transformatio |       |       |       |       |       |     1 |     6 |     2 |     1 ||    10
       Evoke Invisibilit |       |       |       |       |       |       |       |       |     5 ||     5
Evoke: Wand              |       |       |    12 |    14 |    12 |     9 |     7 |     2 |    26 ||    82
       Phial of floods   |       |       |       |     1 |     2 |       |       |       |     2 ||     5
       Horn of Geryon    |       |       |       |       |       |       |       |       |     8 ||     8
       Box of beasts     |       |       |       |       |       |       |       |       |     4 ||     4
       Phantom mirror    |       |       |       |       |       |       |       |       |     1 ||     1
  Use: Scroll            |       |     8 |     6 |     9 |    14 |     8 |    16 |    16 |    40 ||   117
       Potion            |       |       |       |       |     5 |     4 |     3 |     6 |    26 ||    44
 Stab: Sleeping          |     3 |     2 |       |     3 |     6 |     9 |    13 |    14 |    13 ||    63
       Confused          |       |     6 |    22 |    37 |   120 |    57 |    22 |    48 |    19 ||   331
       Distracted        |       |       |       |     1 |     2 |     3 |     6 |    18 |    58 ||    88
       Paralysed         |       |       |       |       |     3 |       |       |       |    17 ||    20
       Held in net/web   |       |       |       |       |       |     6 |       |       |       ||     6
       Invisible         |       |       |       |       |       |       |       |       |     9 ||     9
  Eat: Chunk             |       |     6 |     9 |    11 |    15 |    15 |    11 |     7 |     9 ||    83
       Ration            |       |       |     1 |       |       |       |     2 |     3 |    17 ||    23
Armor: Robe              |     6 |     7 |    11 |       |       |       |       |       |       ||    24
       Ring mail         |       |       |    11 |    62 |   169 |   103 |     7 |       |       ||   352
       Skin              |       |       |       |       |       |   103 |   274 |   275 |  1623 ||  2275
       Scale mail        |       |       |       |       |       |       |    14 |    27 |    47 ||    88
       Pearl dragon scal |       |       |       |       |       |       |       |       |    42 ||    42
Dodge: Dodged            |    22 |    35 |   104 |   223 |   577 |   538 |   958 |   980 |  5596 ||  9033
Block: Buckler           |       |       |    22 |    95 |   129 |       |       |       |       ||   246
       Shield            |       |       |       |       |   471 |   716 |  1138 |  1328 |  6474 || 10127
       Reflection        |       |       |       |       |    47 |    11 |       |       |       ||    58
       Rpst.: Long sword |       |       |       |       |    35 |    44 |     7 |       |       ||    86
